 Dungeon Crawl Stone Soup version 0.25.1-2-g60ff931df9 (webtiles) character file.

Game seed: 941482095373862936

116 Acheron the Chopper (level 5, -1/28 HPs)
             Began as a Tengu Chaos Knight on Aug 25, 2020.
             Was a Plaything of Xom.
             Slain by an orc
             ... wielding a +1 trident of venom
             ... summoned by Xom
              (7 damage)
             ... on level 3 of the Dungeon.
             The game lasted 00:10:33 (2424 turns).

Acheron the Chopper (Tengu Chaos Knight)            Turns: 2424, Time: 00:10:35

Health: -1/28      AC:  6    Str: 13    XL:     5   Next: 0%
Magic:  7/7        EV: 11    Int: 12    God:    Xom [......]
Gold:   70         SH:  0    Dex: 16    Spells: 6/6 levels left

rFire    . . .     SeeInvis .   a - +0 hand axe (chaos)
rCold    . . .     Gourm    .   (no shield)
rNeg     . . .     Faith    .   m - +0 ring mail {rPois}
rPois    +         Spirit   .   (helmet restricted)
rElec    .         Reflect  .   (no cloak)
rCorr    .         Harm     .   j - +0 pair of gloves
MR       .....                  (boots unavailable)
Stlth    +.........             (no amulet)
HPRegen  0.09/turn              (no ring)
MPRegen  0.10/turn              (no ring)

@: no status effects
A: beak, talons 3, agile 1, frail 1, able to fly
a: Fly, Renounce Religion


You were on level 3 of the Dungeon.
You worshipped Xom.
You were a very special plaything of Xom.
You were not hungry.

You visited 1 branch of the dungeon, and saw 4 of its levels.

You collected 70 gold pieces.

Inventory:

Hand Weapons
 a - a +0 hand axe of chaos (weapon)
 g - a +0 short sword
Missiles
 h - 75 stones (quivered)
 i - 11 sling bullets
Armour
 b - a +2 leather armour
 j - a +0 pair of gloves (worn)
 m - a +0 ring mail of poison resistance (worn)
Scrolls
 e - 2 scrolls of remove curse
Potions
 k - 2 potions of magic {unknown}
 l - a potion of flight {unknown}
Comestibles
 c - 3 rations
 f - 2 chunks of flesh


   Skills:
 + Level 3.4 Fighting
 + Level 3.9 Axes
 * Level 1.2 Throwing
 * Level 2.9 Armour
 * Level 2.2 Dodging
 * Level 1.2 Stealth
 * Level 1.1 Spellcasting


You had 6 spell levels left.
You didn't know any spells.
Your spell library was empty.

Dungeon Overview and Level Annotations

Branches:
Dungeon (4/15)
 Temple: D:4-7

Altars:
Gozag
Trog

Annotations:
D:1 exclusion: 2 downstairs


Innate Abilities, Weirdness & Mutations

You have a beak for a mouth.
You have claws for feet.
You can fly continuously.
You are agile. (Dex +2)
You are frail. (-10% HP)


Message History

Unknown command.
You slash the orc!
The orc is almost dead.
You hit the orc wizard.
The orc wizard hits you with a +0 dagger.
The orc hits you but does no damage. The orc closely misses you.
You hit the orc. Lightning courses through the orc!
You kill the orc!
The orc's corpse disappears in a puff of smoke!
You hit the orc wizard.
The orc wizard hits you with a +0 dagger.
The orc hits you from afar with a +1 trident of venom.
* * * LOW HITPOINT WARNING * * *
You hit the orc wizard.
The orc wizard is heavily wounded.
The orc wizard barely misses you.
The orc wizard hits you but does no damage.
The orc hits you from afar with a +1 trident of venom!
You die... "What!?
That's it?"

..........#.......
..........#.......
....#+#..........#
##..#.#......##.##
..................
..
##.....w........ .
....
...##...#.#.##..
...#
#..##..ยง....# ..
.#.#
........@...###
.#.#
........o.......
.#.#
#..##.o?##..###.
.#.###.##.. #...#
..... ..........
...... .....
.<.###.# .##...#
####. .#.# #.
#...# ...# # #...#
.### #....


You could see a worm, an orc wizard (summoned) and an orc (summoned).

Vanquished Creatures
  A worker ant (D:3)
  4 adders
  2 oozes
  A dart slug (D:1)
  An orc (D:3)
  7 bats
  A giant cockroach (D:1)
  4 goblins
  A hobgoblin (D:1)
  2 jackals (D:1)
  11 kobolds
  4 frilled lizards
  8 rats
47 creatures vanquished.

Notes
Turn   | Place    | Note
-------+----------+-------------------------------------------
     0 | D:1      | Acheron the Tengu Chaos Knight began the quest for the Orb.
     0 | D:1      | Reached XP level 1. HP: 14/14 MP: 2/2
    30 | D:2      | Found an opulent altar of Gozag.
    42 | D:2      | XOM: butterfly on damage
    69 | D:2      | XOM: silly message
   164 | D:2      | Found a bloodstained altar of Trog.
   208 | D:1      | Reached XP level 2. HP: 18/19 MP: 3/3
   274 | D:1      | XOM: divination: detect items
   544 | D:1      | XOM: cloud trail
   789 | D:1      | Reached XP level 3. HP: 23/23 MP: 4/4
   823 | D:1      | XOM: silly message
  1465 | D:3      | Found a faded altar of an unknown god.
  1469 | D:3      | XOM: repel stairs
  1477 | D:3      | XOM: cleaving
  1489 | D:3      | Reached skill level 1 in Throwing
  1489 | D:3      | Reached skill level 1 in Stealth
  1489 | D:3      | Reached XP level 4. HP: 20/28 MP: 4/6
  1560 | D:2      | XOM: stat loss: -1 Dex (13/14)
  1726 | D:2      | XOM: torment (15/28 hp)
  1925 | D:2      | XOM: give mutations
  1925 | D:2      | Gained mutation: You are frail. (-10% HP) [Xom's mischief]
  1925 | D:2      | Gained mutation: You are agile. (Dex +2) [Xom's mischief]
  2197 | D:2      | Reached skill level 1 in Spellcasting
  2349 | D:3      | XOM: repel stairs
  2389 | D:3      | Gained mutation: You can fly continuously. [Tengu growth]
  2389 | D:3      | Reached XP level 5. HP: 26/28 MP: 7/7
  2416 | D:3      | XOM: summons 1 hostile shadow creature
  2424 | D:3      | Slain by an orc

Illustrated notes

Levels and vault maps discovered:
D:1:      dpeg_arrival_water_temple_mockup, layout_basic, minmay_tromino_i2
D:2:      layout_rooms, grunt_gozag_statues, nicolae_overflow_hidden_temple
D:3:      layout_basic, chequers_ecumenical_altar_simple_redux
D:4:      layout_basic, lemuel_round_altar, first_ration

Skill      XL: |  1  2  3  4 |
---------------+-------------+-----
Throwing       | 1 |  1.2
Stealth        | 1 |  1.2
Dodging        | 2 |  2.2
Spellcasting   | 1 |  1.1
Fighting       | |  3.4
Axes           | |  3.9
Armour         | |  2.9

Action                   |  1- 3 |  4- 6 || total
-------------------------+-------+-------++-------
Melee: Hand axe          |    76 |    40 ||   116
       Kick              |    21 |     5 ||    26
       Peck              |    10 |     5 ||    15
  Use: Scroll            |     5 |     1 ||     6
       Potion            |     1 |       ||     1
 Stab: Sleeping          |     1 |     2 ||     3
  Eat: Ration            |     1 |       ||     1
       Chunk             |     1 |       ||     1
Armor: Leather armour    |    33 |    35 ||    68
       Ring mail         |       |    13 ||    13
Dodge: Dodged            |    55 |    59 ||   114
